 Dungeon Crawl Stone Soup version 0.21.0-24-g2553a3340b (webtiles) character file.

166272 Principatus the Markscentaur (level 17, 0/152 HPs)
             Began as a Centaur Hunter on Jan 19, 2018.
             Was the Champion of Makhleb.
             Slain by a demonic crawler (10 damage)
             ... on level 1 of the Spider Nest on Jan 22, 2018.
             The game lasted 05:29:15 (49308 turns).

Principatus the Markscentaur (Centaur Hunter)      Turns: 49308, Time: 05:29:15

Health: 0/152      AC: 23    Str: 26    XL:     17   Next: 4%
Magic:  28/28      EV: 12    Int: 14    God:    Makhleb [******]
Gold:   1136       SH:  0    Dex: 16    Spells: 8/26 levels left

rFire    + . .     SeeInvis .   b - +6 scythe "Lycat" {slice, MR+ Str+3}
rCold    + + .     Gourm    .   (shield currently unavailable)
rNeg     + + .     Faith    .   Z - +1 leather armour "Pokk" {rElec rN+ MR+}
rPois    +         Spirit   .   D - +2 helmet
rElec    +         Reflect  .   J - +2 cloak
rCorr    .         Harm     .   M - +2 pair of gloves "Ighaiss" {rN+ Regen+ Dex+5}
MR       ++++.                  I - +3 centaur barding
Stlth    +.........             H - amulet of regeneration
HPRegen  1.15/turn              w - ring "Timimexu" {rPois rF+ rC+ Str+3 Stlth+}
MPRegen  0.21/turn              c - ring of Qeififri {rC+ MR+ EV+2 Int+3}

@: confused, lethally poisoned (0 -> -37), very quick
A: large, hooves 3, deformed body, dopey 1, speed 2, strong 1, tough skin 3
}: 1/15 runes: decaying
a: Minor Destruction, Lesser Servant of Makhleb, Major Destruction, Greater
Servant of Makhleb, Renounce Religion


You were on level 1 of the Spider Nest.
You worshipped Makhleb.
Makhleb was exalted by your worship.
You were not hungry.

You visited 5 branches of the dungeon, and saw 28 of its levels.
You also visited: Labyrinth and Ice Cave.

You collected 2799 gold pieces.
You spent 1663 gold pieces at shops.

Inventory:

Hand Weapons
 a - a +4 longbow of flaming
 b - the +6 scythe "Lycat" (weapon) {slice, MR+ Str+3}
   (You found it on level 3 of the Lair of Beasts)

   It inflicts extra damage upon your enemies.
   It affects your strength (+3).
   It affects your resistance to hostile enchantments.
Missiles
 l - 369 arrows
Armour
 D - a +2 helmet (worn)
 I - a +3 centaur barding (worn)
 J - a +2 cloak (worn)
 M - the +2 pair of gloves "Ighaiss" (worn) {rN+ Regen+ Dex+5}
   (You took it off Nikola on level 2 of the Swamp)

   It affects your dexterity (+5).
   It protects you from negative energy.
   It increases your rate of regeneration.
 Z - the +1 leather armour "Pokk" (worn) {rElec rN+ MR+}
   (You found it on level 5 of the Lair of Beasts)

   It insulates you from electricity.
   It protects you from negative energy.
   It affects your resistance to hostile enchantments.
Jewellery
 c - the ring of Qeififri (right hand) {rC+ MR+ EV+2 Int+3}
   (You found it in a labyrinth)

   [ring of evasion]

   It affects your evasion (+2).
   It affects your intelligence (+3).
   It protects you from cold.
   It affects your resistance to hostile enchantments.
 d - an uncursed ring of flight
 w - the ring "Timimexu" (left hand) {rPois rF+ rC+ Str+3 Stlth+}
   (You found it on level 4 of the Dungeon)

   [ring of protection from fire]

   It affects your strength (+3).
   It protects you from fire.
   It protects you from cold.
   It protects you from poison.
   It makes you more stealthy.
 H - an amulet of regeneration (around neck)
 N - an uncursed ring of see invisible
 W - an uncursed ring of protection from magic
Wands
 r - a wand of enslavement (6)
 A - a wand of iceblast (28)
 C - a wand of polymorph (15)
 Q - a wand of paralysis (35)
 U - a wand of digging (28)
Scrolls
 k - 10 scrolls of teleportation
 m - 8 scrolls of remove curse
 o - 4 scrolls of immolation
 u - 3 scrolls of magic mapping
 x - 6 scrolls of identify
 y - 2 scrolls of holy word
 E - 5 scrolls of amnesia
 K - a scroll of blinking
 S - 2 scrolls of fog
 T - a scroll of summoning
 Y - 3 scrolls of fear
Potions
 e - a potion of resistance {unknown}
 h - 7 potions of curing
 i - 2 potions of berserk rage
 n - 5 potions of haste
 p - 4 potions of mutation
 q - 3 potions of brilliance
 s - 6 potions of cancellation
 t - a potion of invisibility
 v - a potion of heal wounds
 z - 4 potions of might
 B - 4 potions of agility
 L - a potion of magic
 O - 2 potions of flight
 V - a potion of ambrosia
Books
 F - a book of Callings

   Spells                             Type                      Level
   a - Summon Small Mammal            Summoning                    1
   b - Call Imp                       Summoning                    2
   c - Call Canine Familiar           Summoning                    3
   d - Summon Guardian Golem          Hexes/Summoning              3
   e - Summon Lightning Spire         Summoning/Air                4
   f - Summon Ice Beast               Ice/Summoning                4
 G - a book of Summonings

   Spells                             Type                      Level
   a - Recall                         Summoning/Translocation      3
   b - Aura of Abjuration             Summoning                    5
   c - Summon Demon                   Summoning                    5
   d - Summon Forest                  Summoning/Translocation      5
   e - Summon Mana Viper              Hexes/Summoning              5
   f - Shadow Creatures               Summoning                    6
 R - a book of Battle

   Spells                             Type                      Level
   a - Infusion                       Charms                       1
   b - Shroud of Golubria             Charms/Translocation         2
   c - Song of Slaying                Charms                       2
   d - Spectral Weapon                Hexes/Charms                 3
   e - Regeneration                   Charms/Necromancy            3
Miscellaneous
 g - a sack of spiders
 j - a fan of gales
 X - a lightning rod (4/4)
Comestibles
 f - 45 rations
 P - a chunk of flesh


   Skills:
 + Level 14.0 Fighting
 - Level 6.7 Polearms
 * Level 19.1 Bows
 - Level 5.0 Armour
 - Level 4.2 Dodging
 - Level 1.8 Stealth
 - Level 5.0 Spellcasting
 - Level 10.3 Summonings
 - Level 8.0 Air Magic
 + Level 14.7 Invocations


You had 8 spell levels left.
You knew the following spells:

 Your Spells              Type           Power        Failure   Level  Hunger
a - Call Canine Familiar  Summ           ####....     1%          3    ###....
b - Summon Lightning Spi  Summ/Air       ####....     4%          4    ####...
c - Shadow Creatures      Summ           N/A          38%         6    #######
d - Summon Mana Viper     Hex/Summ       ###.....     54%         5    ######.


Dungeon Overview and Level Annotations

Branches:
Dungeon (15/15)            Temple (0/1) D:6            Lair (6/6) D:10
  Swamp (4/4) Lair:4       Spider (1/4) Lair:3        Slime (0/5) Lair:5
    Orc (2/2) D:11            Elf (0/3) Orc:2        Vaults (0/5) D:14
 Depths (0/5) D:15

Altars:
Cheibriados
Elyvilon
Gozag
Hepliaklqana
Kikubaaqudgha
Makhleb
Okawaru
Qazlal
Ru
Sif Muna
Trog
Uskayaw
Vehumet
Yredelemnul

Shops:
D:11 }=![(   D:13 }   D:15 :   Orc:2 [::*(

Annotations:
D:12 Frances
Swamp:3 Donald


Innate Abilities, Weirdness & Mutations

You have hooves in place of feet.
Armour fits poorly on your strangely shaped body.
You cover ground very quickly.
You have extremely tough skin. (AC +3)
You are dopey. (Int -2)
Your muscles are strong. (Str +2)


Message History

The redback bites you but does no damage.
There is a crawl-hole back to the Lair, spattered with blood here.
You closely miss the tarantella.
The tarantella is almost dead.
You feel extremely sick. The redback bites you!
* * * LOW HITPOINT WARNING * * *
The redback barely misses you. The demonic crawler hits you!
* * * LOW HITPOINT WARNING * * *
The demonic crawler hits you.
* * * LOW HITPOINT WARNING * * *
The demonic crawler hits you but does no damage.
The redback bites you but does no damage.
The tarantella bites you.
* * * LOW HITPOINT WARNING * * *
The redback bites you!
* * * LOW HITPOINT WARNING * * *
The demonic crawler closely misses you. The demonic crawler barely misses you.
The demonic crawler hits you!
You die...

............. #.
..(..(...((.(# #(..
.$........... #....
..(.........##..%..
......^.....(....#(...
#........(......(.....
#....................
##...................
#.(......@s.......... .
##....#..sss..........
..##........^...((.......
#....#.................:.
....≈......./.†..........
....≈≈((...≈........#....
#.≈≈(≈(≈≈≈#..#..........
#..≈#≈≈≈≈.......(..(..##
#...≈≈#≈≈..............#


You could see a demonic crawler, a tarantella and 2 redbacks.

Vanquished Creatures
  Nikola (Swamp:2)
  Jorgrun (Swamp:4)
  A frost giant (IceCv)
  2 entropy weavers
  A stone giant (Orc:1)
  A dire elephant (D:15)
  Nessos (Orc:2)
  Azrael (D:15)
  4 ettins
  Snorg (D:12)
  The ghost of Tynka the Spear-Bearer, a journeyman FoFi of the Shining One (D:12)
  A minotaur (Lab)
  Josephine (D:14)
  An ogre mage (D:14)
  An ice dragon (D:15)
  5 vault guards (D:13)
  5 ghost crabs (Swamp:4)
  14 hydras
  A catoblepas (Lair:3)
  3 two-headed ogres
  Erica (Orc:1)
  8 centaur warriors
  A queen ant (Lair:5)
  8 alligators
  Urug (D:14)
  2 orc high priests
  A death drake (Swamp:4)
  2 unseen horrors
  2 spriggan druids (Swamp:3)
  A flayed ghost (D:13)
  A spectral hydra (Swamp:4)
  A lindwurm (Lair:6)
  3 swamp dragons
  2 wolf spiders
  A wolf spider zombie (D:13)
  18 ugly things
  An oklob plant (Lair:3)
  4 deep elf magi
  An orc sorcerer (Orc:2)
  2 manticores
  7 cyclopes
  9 elephants
  A moth of wrath (Spider:1)
  2 centaur zombies
  5 centaur skeletons
  2 ice statues
  3 black mambas
  2 torpor snails (Lair:5)
  2 swamp worm zombies (Swamp:4)
  22 spiny frogs
  11 komodo dragons
  3 kobold demonologists (D:12)
  3 demonic crawlers
  A queen bee (Lair:2)
  A harpy zombie (D:15)
  17 polar bears
  8 jumping spiders
  7 hornets
  4 trolls
  A wolf spider simulacrum (D:15)
  2 tyrant leeches (Swamp:3)
  An alligator zombie (Swamp:4)
  15 slime creatures
  8 blink frogs
  A meliai zombie (D:14)
  8 hippogriffs
  7 bog bodies
  2 dream sheep
  3 spectral swamp dragons (Swamp:4)
  5 spriggans
  4 tarantellas
  9 redbacks
  4 wraiths
  A yak (shapeshifter) (D:14)
  4 shadows
  2 fire elementals (D:15)
  19 yaks
  5 basilisks
  2 steam dragons (Lair:6)
  2 wyverns
  6 hungry ghosts
  18 vampire mosquitoes
  Grum (D:9)
  17 swamp worms
  2 insubstantial wisps (Swamp:4)
  12 soldier ants (Lair:5)
  A water moccasin (shapeshifter) (D:15)
  10 water moccasins
  9 porcupines
  5 hell hounds
  12 orc warriors
  15 ice beasts
  2 black bears (D:8)
  8 swamp drakes
  3 swamp dragon zombies (Swamp:4)
  20 wolves
  11 ogres
  18 centaurs
  3 phantoms
  6 big kobolds
  7 crocodiles
  Blork the orc (D:5)
  11 bullfrogs
  An earth elemental (Lab)
  A wyvern skeleton (D:14)
  A water moccasin skeleton (D:5)
  2 scorpions
  32 killer bees
  4 troll skeletons (Lab)
  3 spriggan skeletons (Lab)
  9 wights
  4 howler monkeys
  6 electric eels
  3 bullfrog zombies
  4 crimson imps
  14 jellies
  3 quasits
  15 orc priests
  8 hounds
  5 bullfrog skeletons
  Jessica (D:3)
  3 iguanas
  20 worker ants
  4 hell rats (Lair:4)
  10 orc wizards
  A hound skeleton (D:7)
  A worker ant zombie (D:8)
  A howler monkey zombie (D:5)
  2 howler monkey skeletons
  A swamp drake zombie (Swamp:4)
  10 adders
  7 gnolls
  2 shadow imps
  3 white imps (D:15)
  An ooze (D:2)
  3 worms
  An adder skeleton (D:8)
  A dart slug (D:4)
  3 leopard geckos
  58 orcs
  13 bats
  8 giant cockroaches
  8 goblins
  10 hobgoblins
  13 jackals
  16 kobolds
  5 quokkas
  A ball python (D:3)
  4 frilled lizards (D:3)
  A jackal skeleton (D:5)
  A jackal zombie (D:7)
  A leopard gecko zombie (D:5)
  A quokka skeleton (D:6)
  5 rats
  A fire vortex (Orc:1)
  3 fungi (Orc:2)
860 creatures vanquished.

Vanquished Creatures (collateral kills)
  A bone dragon (Swamp:4)
  A tengu reaver (D:13)
  A thorn hunter (Swamp:4)
  The ghost of Argmax the Grappler, a journeyman TrBe of Trog (Lair:4)
  An entropy weaver (Lair:5)
  A fire dragon (Lair:6)
  A hydra (Lair:6)
  3 vault guards (D:13)
  A catoblepas (D:13)
  A skeletal warrior (D:14)
  A spectral hydra (Swamp:4)
  2 unseen horrors (D:13)
  A lindwurm (Lair:6)
  A deep elf archer (D:14)
  A deep elf mage (D:14)
  2 manticores
  8 ugly things
  3 cyclopes
  A black mamba (Lair:4)
  An elephant (Lair:5)
  3 molten gargoyles (Lair:6)
  4 spiny frogs
  2 swamp worm zombies (Swamp:4)
  4 komodo dragons
  3 hydra zombies (Swamp:4)
  2 polar bears (Lair:6)
  A tyrant leech (Swamp:1)
  A troll (Orc:1)
  4 blink frogs
  2 dream sheep (Lair:6)
  A slime creature (Swamp:2)
  2 spectral swamp dragons (Swamp:4)
  An alligator zombie (Swamp:4)
  3 hippogriffs
  A redback (Spider:1)
  A tarantella (Spider:1)
  A spriggan (Swamp:3)
  6 wyverns
  7 yaks
  A basilisk (Lair:5)
  A hungry ghost (Lab)
  A vampire mosquito (Swamp:3)
  4 swamp worms (Lair:4)
  2 wargs
  6 soldier ants (Lair:5)
  A hell hound (Lair:6)
  6 water moccasins
  2 ice beasts (D:15)
  A porcupine (Lair:4)
  A swamp dragon zombie (Swamp:4)
  6 orc warriors
  4 phantoms (Swamp:4)
  An ogre (D:14)
  A necrophage (D:15)
  5 wolves
  A boggart (D:13)
  2 centaurs
  3 crocodiles
  4 bullfrogs
  A killer bee (Lair:2)
  5 lava snakes
  A hound (D:8)
  3 jellies (Lair:5)
  2 orc priests
  11 worker ants (Lair:5)
  An orc wizard (Orc:2)
  3 hell rats (Lair:4)
  An adder (D:12)
  9 orcs
  A kobold (D:14)
  A plant (Lair:6)
174 creatures vanquished.

Vanquished Creatures (others)
  A swamp dragon (Swamp:2)
  2 slime creatures (D:15)
  6 insubstantial wisps (Swamp:4)
  A briar patch (Swamp:4)
  15 fungi
  12 plants
37 creatures vanquished.

Grand Total: 1071 creatures vanquished

Notes
Turn   | Place    | Note
-------+----------+-------------------------------------------
     0 | D:1      | Principatus the Centaur Hunter began the quest for the Orb.
     0 | D:1      | Reached XP level 1. HP: 17/17 MP: 1/1
   128 | D:1      | Reached XP level 2. HP: 24/24 MP: 2/2
   326 | D:1      | Reached skill level 1 in Stealth
   628 | D:1      | Reached XP level 3. HP: 30/30 MP: 3/3
  1025 | D:2      | Reached XP level 4. HP: 37/37 MP: 4/4
  1062 | D:2      | Reached skill level 6 in Bows
  1218 | D:2      | Found a burning altar of Makhleb.
  1222 | D:2      | Became a worshipper of Makhleb the Destroyer
  1345 | D:2      | Found a bloodstained altar of Trog.
  1357 | D:2      | Found an opulent altar of Gozag.
  1365 | D:2      | Found a burning altar of Makhleb.
  1429 | D:2      | Reached XP level 5. HP: 38/45 MP: 5/5
  1862 | D:2      | Found an ancient bone altar of Kikubaaqudgha.
  1910 | D:2      | Found a faded altar of an unknown god.
  2651 | D:3      | Reached * piety under Makhleb
  2764 | D:3      | Found a transporter.
  2782 | D:3      | Found a transporter.
  2800 | D:3      | Reached skill level 7 in Bows
  2800 | D:3      | Reached XP level 6. HP: 24/51 MP: 6/6
  3227 | D:3      | Reached skill level 8 in Bows
  3322 | D:3      | Noticed Jessica
  3349 | D:3      | Killed Jessica
  3829 | D:3      | Reached skill level 9 in Bows
  3829 | D:3      | Reached XP level 7. HP: 47/57 MP: 7/7
  3932 | D:4      | Got an ancient amber ring
  4030 | D:4      | Identified the ring "Timimexu" {rPois rF+ rC+ Str+3 Stlth+} (You found it on level 4 of the Dungeon)
  4374 | D:4      | Found a stormy altar of Qazlal.
  4382 | D:4      | Found a snail-covered altar of Cheibriados.
  4382 | D:4      | Found a sacrificial altar of Ru.
  4412 | D:5      | Entered Level 5 of the Dungeon
  4446 | D:5      | Reached skill level 10 in Bows
  4698 | D:5      | Reached ** piety under Makhleb
  5101 | D:5      | Noticed a hand axe
  5102 | D:5      | Noticed a dagger
  5176 | D:5      | Found a hide-covered altar of Uskayaw.
  5272 | D:5      | Reached skill level 11 in Bows
  5312 | D:5      | Found an iron altar of Okawaru.
  5392 | D:6      | Noticed Blork the orc
  5427 | D:5      | Killed Blork the orc
  5463 | D:6      | Found a staircase to the Ecumenical Temple.
  5503 | D:6      | Reached XP level 8. HP: 57/63 MP: 8/8
  5651 | D:6      | Reached skill level 1 in Invocations
  6357 | D:6      | Learned a level 3 spell: Call Canine Familiar
  6591 | D:7      | Reached skill level 1 in Summonings
  6980 | D:7      | Reached skill level 12 in Bows
  7104 | D:7      | Reached *** piety under Makhleb
  7418 | D:7      | Reached skill level 5 in Fighting
  7586 | D:7      | Found a white marble altar of Elyvilon.
  7594 | D:7      | Reached XP level 9. HP: 61/74 MP: 9/12
  7920 | D:7      | Found a basalt altar of Yredelemnul.
  8073 | D:8      | Found a deep blue altar of Sif Muna.
  8336 | D:8      | Reached skill level 1 in Spellcasting
  8347 | D:8      | Got a smelly chain mail
  8397 | D:8      | Reached skill level 5 in Invocations
  8481 | D:8      | Reached **** piety under Makhleb
  9018 | D:9      | Noticed Grum
  9021 | D:9      | Noticed a purple ugly thing
  9326 | D:9      | Reached skill level 13 in Bows
  9600 | D:9      | Killed Grum
  9610 | D:9      | Reached XP level 10. HP: 59/84 MP: 7/14
 10002 | D:9      | Learned a level 4 spell: Summon Lightning Spire
 10027 | D:9      | Found a radiant altar of Vehumet.
 10036 | D:9      | Found a hazy altar of Hepliaklqana.
 10403 | D:9      | Identified the +5 chain mail of Boredom {Int+3} (You took it off an orc on level 8 of the Dungeon)
 10607 | D:9      | Noticed a two-headed ogre
 10634 | D:9      | Killed a two-headed ogre
 10634 | D:9      | Reached skill level 1 in Armour
 10634 | D:9      | Reached skill level 1 in Air Magic
 10758 | D:9      | Killed a purple ugly thing
 10758 | D:9      | Reached skill level 5 in Summonings
 11178 | D:10     | Entered Level 10 of the Dungeon
 12086 | D:10     | Noticed a two-headed ogre
 12126 | D:10     | Killed a two-headed ogre
 12337 | D:10     | Found a staircase to the Lair.
 12528 | D:11     | Found Kulenax's Antique Weapon Shoppe.
 12667 | D:11     | Reached XP level 11. HP: 63/92 MP: 12/16
 13068 | D:11     | Found a staircase to the Orcish Mines.
 13383 | D:11     | Reached ***** piety under Makhleb
 13430 | Orc:1    | Entered Level 1 of the Orcish Mines
 13458 | Orc:1    | Noticed Erica
 13553 | D:11     | Found Plog's Antique Armour Boutique.
 13622 | D:11     | Found Ohelakki's Distillery.
 13623 | D:11     | Found Bojex's Jewellery Boutique.
 13629 | D:11     | Found Meubank's Gadget Shoppe.
 13656 | D:11     | Bought a potion of might for 52 gold pieces
 13656 | D:11     | Bought a potion of curing for 39 gold pieces
 13656 | D:11     | Bought a potion of heal wounds for 65 gold pieces
 13656 | D:11     | Bought a potion of heal wounds for 65 gold pieces
 13855 | D:11     | Got a transparent robe
 13870 | D:11     | Identified the +0 robe of Mutualism {-Cast rElec rF+} (You took it off a centaur on level 11 of the Dungeon)
 13991 | D:11     | Noticed a purple ugly thing
 14055 | D:11     | Killed a purple ugly thing
 14243 | D:12     | Noticed a four-headed hydra
 14283 | D:12     | Noticed a sun demon
 14292 | D:12     | Reached skill level 14 in Bows
 14334 | D:12     | Gained mutation: Your body sometimes deteriorates upon taking damage. [potion of mutation]
 14334 | D:12     | Gained mutation: You are agile. (Dex +2) [potion of mutation]
 14334 | D:12     | Gained mutation: Scrolls take you a little longer to read. [potion of mutation]
 14334 | D:12     | Gained mutation: Your spells are a little harder to cast, but a little more powerful. [potion of mutation]
 14335 | D:12     | Lost mutation: You are agile. (Dex +2) [potion of mutation]
 14335 | D:12     | Lost mutation: Scrolls take you a little longer to read. [potion of mutation]
 14335 | D:12     | Lost mutation: Your body sometimes deteriorates upon taking damage. [potion of mutation]
 14335 | D:12     | Lost mutation: Your spells are a little harder to cast, but a little more powerful. [potion of mutation]
 14335 | D:12     | Gained mutation: You tend to lose your temper in combat. [potion of mutation]
 14335 | D:12     | Gained mutation: You are dopey. (Int -2) [potion of mutation]
 14335 | D:12     | Lost mutation: You tend to lose your temper in combat. [potion of mutation]
 14335 | D:12     | Gained mutation: Your muscles are strong. (Str +2) [potion of mutation]
 14557 | Lair:1   | Entered Level 1 of the Lair of Beasts
 15548 | Lair:1   | Noticed a seven-headed hydra
 15569 | Lair:1   | Killed a seven-headed hydra
 15848 | Lair:1   | Got a distressingly furry shield
 15854 | Lair:1   | Identified the +3 shield of Articulation {rPois Regen+} (You found it on level 1 of the Lair of Beasts)
 16610 | Lair:2   | Identified a scroll of acquirement
 16952 | Lair:2   | Reached XP level 12. HP: 103/103 MP: 13/18
 17228 | Lair:2   | Reached skill level 5 in Air Magic
 18609 | Lair:3   | Noticed a catoblepas
 18629 | Lair:3   | Killed a catoblepas
 19048 | Lair:3   | Found a hole to the Spider Nest.
 19371 | Lair:3   | Got a jewelled scythe
 19372 | Lair:3   | Identified the +6 scythe "Lycat" {slice, MR+ Str+3} (You found it on level 3 of the Lair of Beasts)
 19389 | Lair:3   | Got an encrusted leather armour
 19390 | Lair:3   | Identified the +2 leather armour of the Lost Path {rN+} (You found it on level 3 of the Lair of Beasts)
 20393 | Lair:4   | Reached skill level 1 in Polearms
 20437 | Lair:4   | Noticed Argmax's ghost (journeyman TrBe)
 20639 | Lair:4   | Reached skill level 5 in Armour
 21145 | Lair:4   | Noticed a six-headed hydra
 21158 | Lair:4   | Killed a six-headed hydra
 21158 | Lair:4   | Reached XP level 13. HP: 111/111 MP: 18/20
 21482 | Lair:4   | Killed Argmax's ghost
 21594 | Lair:4   | Found a staircase to the Swamp.
 21732 | Lair:5   | Got a faintly humming leather armour
 21744 | Lair:5   | Identified the +1 leather armour "Pokk" {rElec rN+ MR+} (You found it on level 5 of the Lair of Beasts)
 21770 | Lair:5   | Noticed an entropy weaver
 22139 | Lair:5   | Found a labyrinth entrance.
 22148 | Lab      | Entered a labyrinth
 23063 | Lab      | Noticed a minotaur
 23087 | Lab      | Killed a minotaur
 23087 | Lab      | Reached skill level 10 in Invocations
 23090 | Lab      | Got a transparent plate armour
 23108 | Lab      | Got a slimy copper ring
 23111 | Lab      | Identified the ring of Qeififri {rC+ MR+ EV+2 Int+3} (You found it in a labyrinth)
 23119 | Lab      | Got an iridescent war axe
 23123 | Lab      | Identified the +9 war axe of Oneros {drain, rN+ Int+5} (You found it in a labyrinth)
 23837 | Lair:5   | Found a staircase to the Slime Pits.
 23863 | Lair:5   | Reached skill level 10 in Fighting
 24074 | Lair:5   | Noticed an entropy weaver
 24090 | Lair:5   | Killed an entropy weaver
 24442 | Lair:5   | Reached ****** piety under Makhleb
 24982 | Lair:5   | Killed an entropy weaver
 25600 | Lair:6   | Entered Level 6 of the Lair of Beasts
 27229 | Lair:6   | Reached XP level 14. HP: 109/122 MP: 15/22
 27451 | Lair:6   | Found a large runed door.
 27509 | Lair:6   | Reached skill level 5 in Spellcasting
 27594 | Lair:6   | Found a large runed door.
 28219 | Lair:6   | Identified A Thorough Guide to Thaumaturgy
 28949 | Orc:1    | Killed Erica
 28949 | Orc:1    | Reached skill level 5 in Polearms
 29184 | Orc:2    | Entered Level 2 of the Orcish Mines
 29184 | Orc:2    | Found Plog's Book Shoppe.
 29278 | Orc:2    | Noticed a stone giant
 29282 | Orc:2    | Noticed Nessos
 29516 | Orc:1    | HP: 6/122 [poisoned by Nessos]
 29946 | D:12     | Noticed Snorg
 29965 | D:12     | HP: 4/122 [Snorg (23)]
 29969 | D:12     | Killed Snorg
 30390 | D:12     | Noticed Frances
 30927 | D:12     | Noticed Tynka's ghost (journeyman FoFi)
 30945 | D:12     | Killed Tynka's ghost
 31602 | D:13     | Found the +0 sword of Power
 31615 | D:13     | Noticed a tengu reaver
 33273 | D:13     | Found Futy's Gadget Boutique.
 34817 | D:13     | Killed a tengu reaver
 35603 | Orc:1    | Killed a stone giant
 36389 | Orc:2    | Killed Nessos
 36638 | Orc:2    | Found Pefimi's Book Shoppe.
 36669 | Orc:2    | Found Wekes's Antique Armour Boutique.
 36762 | Orc:2    | Reached skill level 10 in Summonings
 36921 | Orc:2    | Found a staircase to the Elven Halls.
 36936 | Orc:2    | Reached XP level 15. HP: 115/132 MP: 10/24
 37090 | Orc:2    | Found Ufoep's General Store.
 37138 | Orc:2    | Bought a scroll of enchant armour for 82 gold pieces
 37213 | Orc:2    | Found Nenupp's Antique Weapon Shoppe.
 37871 | Orc:2    | Bought a book of Summonings for 700 gold pieces
 38094 | Orc:2    | Bought a pair of glowing gloves for 210 gold pieces
 39176 | D:14     | Found a gate to the Vaults.
 39266 | D:14     | Noticed Urug
 39295 | D:14     | Killed Urug
 39494 | D:14     | You fall through a shaft!
 39494 | D:15     | Entered Level 15 of the Dungeon
 39578 | D:15     | Reached skill level 15 in Bows
 39684 | D:15     | Found a frozen archway.
 39701 | IceCv    | Entered an ice cave
 40073 | IceCv    | Noticed a frost giant
 40089 | IceCv    | Killed a frost giant
 40138 | IceCv    | Found the +10 dark maul {crush}
 40426 | D:15     | Found a basalt altar of Yredelemnul.
 40615 | Orc:2    | Learned a level 6 spell: Shadow Creatures
 40621 | Orc:2    | Learned a level 5 spell: Summon Mana Viper
 41319 | D:15     | Noticed Josephine
 41345 | D:14     | Killed Josephine
 41470 | D:15     | Reached skill level 16 in Bows
 41514 | D:15     | Found Fyota's Book Shoppe.
 42553 | D:15     | Noticed Azrael
 42581 | D:15     | Killed Azrael
 42718 | D:15     | Found a staircase to the Depths.
 43205 | Swamp:1  | Entered Level 1 of the Swamp
 43297 | Swamp:1  | Reached XP level 16. HP: 141/141 MP: 26/26
 44237 | Swamp:1  | Reached skill level 17 in Bows
 44648 | Swamp:2  | Noticed Nikola
 44662 | Swamp:2  | Killed Nikola
 45522 | D:11     | Bought an uncursed amulet of regeneration for 450 gold pieces
 45826 | Swamp:2  | Got a pair of dazzling gloves
 45839 | Swamp:2  | Identified the +2 pair of gloves "Ighaiss" {rN+ Regen+ Dex+5} (You took it off Nikola on level 2 of the Swamp)
 46810 | Swamp:3  | Reached skill level 18 in Bows
 46958 | Swamp:3  | Noticed Donald
 47354 | Swamp:4  | Entered Level 4 of the Swamp
 47367 | Swamp:4  | Noticed Jorgrun
 47373 | Swamp:4  | Killed Jorgrun
 47824 | Swamp:4  | Noticed a thorn hunter
 47850 | Swamp:4  | Killed a thorn hunter
 48333 | Swamp:4  | Noticed a bone dragon
 48396 | Swamp:4  | Killed a bone dragon
 48595 | Swamp:4  | Got a decaying rune of Zot
 48977 | Spider:1 | Entered Level 1 of the Spider Nest
 49003 | Lair:3   | Reached skill level 19 in Bows
 49095 | Lair:3   | Reached XP level 17. HP: 104/149 MP: 21/28
 49308 | Spider:1 | Slain by a demonic crawler

Skill      XL: |  1  2  3  4  5  6  7  8  9 10 11 12 13 14 15 16 |
---------------+-------------------------------------------------+-----
Stealth        | 1 |  1.8
Dodging        | 2 3 4 |  4.2
Fighting       | 3 5 6 7 8 9 10 11 12 14 | 14.0
Bows           | 6 7 9 11 12 13 14 16 19 | 19.1
Invocations    | 4 5 7 8 9 10 12 13 14 | 14.7
Summonings     | 2 4 5 6 7 8 10 | 10.3
Spellcasting   | 2 3 4 5 |  5.0
Armour         | 2 3 5 |  5.0
Air Magic      | 3 4 6 7 8 |  8.0
Polearms       | 1 4 6 |  6.7

Action                   |  1- 3 |  4- 6 |  7- 9 | 10-12 | 13-15 | 16-18 || total
-------------------------+-------+-------+-------+-------+-------+-------++-------
Melee: Short sword       |    71 |   136 |   176 |    53 |       |       ||   436
       Kick              |    19 |    27 |   104 |   190 |   104 |     8 ||   452
       Dire flail        |       |       |     6 |       |       |       ||     6
       Dagger            |       |       |   190 |   536 |       |       ||   726
       Scythe            |       |       |       |    28 |   364 |    11 ||   403
       Shortbow          |       |       |       |       |     1 |       ||     1
       Longbow           |       |       |       |       |       |     1 ||     1
 Fire: Shortbow          |    16 |    60 |   155 |   394 |   700 |       ||  1325
       Longbow           |       |       |       |       |   614 |   655 ||  1269
Throw: Stone             |    10 |     2 |    22 |       |       |       ||    34
       Javelin           |       |       |     9 |     3 |       |       ||    12
 Cast: Call Canine Famil |       |       |     5 |    15 |    25 |       ||    45
       Summon Lightning  |       |       |       |    19 |   202 |    43 ||   264
Invok: Lesser Servant of |       |       |     1 |     5 |    23 |     8 ||    37
       Greater Servant o |       |       |       |       |     1 |     2 ||     3
       Major Destruction |       |       |       |       |     1 |       ||     1
 Abil: Evoke Flight      |       |       |       |     3 |       |       ||     3
       Stop Flying       |       |       |       |     1 |       |       ||     1
Evoke: Wand              |       |     6 |       |     1 |       |       ||     7
       Lightning rod     |       |       |       |     4 |       |       ||     4
  Use: Scroll            |       |     1 |     5 |    23 |    13 |     3 ||    45
       Potion            |       |     1 |     2 |     9 |    17 |     4 ||    33
 Stab: Sleeping          |       |       |     6 |     3 |     1 |       ||    10
       Distracted        |       |       |       |     3 |     4 |       ||     7
  Eat: Chunk             |       |     7 |    17 |    32 |    61 |    11 ||   128
       Ration            |       |       |       |     3 |    12 |     4 ||    19
Armor: Leather armour    |    47 |    57 |    33 |    33 |   602 |   331 ||  1103
       Robe              |       |       |   181 |    22 |       |       ||   203
       Chain mail        |       |       |       |   522 |       |       ||   522
       Skin              |       |       |       |    44 |       |       ||    44
Dodge: Dodged            |    38 |    81 |   213 |   201 |   547 |   289 ||  1369
